 Dungeon Crawl Stone Soup version 0.32-a0-705-g60f233581c (webtiles) character file.

Game seed: 6350958946441624683

12172 Leszczynek the Basher (level 11, 0/123 HPs)
             Began as an Oni Alchemist on Mar 14, 2024.
             Was a High Priest of Uskayaw.
             Slain by an orc knight
             ... wielding a +3 great mace
              (31 damage)
             ... on level 2 of the Orcish Mines.
             The game lasted 00:42:27 (12536 turns).

Leszczynek the Basher (Oni Alchemist)              Turns: 12536, Time: 00:42:27

Health: 0/123      AC:  8    Str: 16    XL:     11   Next: 89%
Magic:  18/18      EV:  9    Int: 19    God:    Uskayaw [*****.]
Gold:   834        SH:  0    Dex: 11    Spells: 11/14 levels left

rFire   + . .        k - +0 giant club (vamp)
rCold   . . .        (shield currently unavailable)
rNeg    . . .        E - +1 steam dragon scales
rPois   .            o - +1 hat {Int+3}
rElec   .            (no cloak)
rCorr   .            (gloves unavailable)
SInv    .            (boots unavailable)
Will    ++...        (no amulet)
Stlth   ++           v - ring of willpower
HPRegen 0.40/turn    a - ring of protection from fire
MPRegen 0.16/turn

%: no passive effects
@: no status effects
A: large, unfitting armour, horns 1, tough skin 1, double potion healing,
drunken brawling
a: Renounce Religion, Stomp, Line Pass, Grand Finale


You were on level 2 of the Orcish Mines.
You worshipped Uskayaw.
Uskayaw was aware of your devotion.
You visited 2 branches of the dungeon, and saw 12 of its levels.
You also visited: Ossuary.

You collected 834 gold pieces.

Inventory:

Hand Weapons
 c - a +3 mace
 k - a +0 vampiric giant club (weapon)
 p - a +0 flail
 w - the +7 long sword "Misowyth" {freeze, rF+ MP+9 Stlth+}
   (You found it on level 5 of the Dungeon)

   rF+:       It protects you from fire.
   MP+9:      It affects your magic capacity (+9).
   Stlth+:    It makes you more stealthy.
 I - a +0 dire flail
Missiles
 j - 6 javelins
 F - 3 curare-tipped darts (quivered)
 G - 19 poisoned darts
Armour
 o - a +1 hat of intelligence (worn)
 E - +1 steam dragon scales (worn)
Jewellery
 a - a ring of protection from fire (right hand)
 v - a ring of willpower (left hand)
 B - a ring of willpower
 D - a ring of flight
Wands
 r - a wand of light (5)
 z - a wand of flame (3)
 A - a wand of polymorph (7)
Scrolls
 e - 5 scrolls of teleportation
 f - a scroll of brand weapon
 g - 2 scrolls of enchant armour
 h - 2 scrolls of poison
 m - 2 scrolls of fear
 n - a scroll of torment {unknown}
 q - a scroll of vulnerability {!r}
 y - a scroll of amnesia
 C - a scroll of fog {unknown}
 H - a scroll of immolation {unknown}
Potions
 b - a potion of magic
 d - 2 potions of lignification {!q}
 i - 4 potions of brilliance
 l - a potion of invisibility
 s - a potion of curing {@q1}
 t - a potion of haste {unknown}
 u - a potion of might {unknown}
 x - 3 potions of resistance
 J - a potion of mutation {unknown}


   Skills:
 - Level 12.2 Fighting
 * Level 12.8 Maces & Flails
 + Level 3.1 Throwing
 - Level 3.5 Dodging
 - Level 1.4 Stealth
 - Level 2.4 Spellcasting
 - Level 0.8 Conjurations
 - Level 2.6 Alchemy
 + Level 10.0 Invocations


You had 11 spell levels left.
You knew the following spells:

 Your Spells              Type           Power      Damage    Failure   Level
a - Sting                 Conj/Alch      36%        1d5       8%          1
b - Mercury Vapours       Alch/Air       14%        N/A       14%         2

Your spell library contained the following spells:

 Spells                   Type           Power      Damage    Failure   Level
 Sublimation of Blood     Necr           2%         N/A       24%         2
 Mephitic Cloud           Conj/Alch/Air  6%         N/A       30%         3
 Frozen Ramparts          Ice            4%         1d1       43%         3
 Summon Ice Beast         Ice/Summ       2%         N/A       43%         3
 Olgreb's Toxic Radiance  Alch           12%        N/A       47%         4
 Petrify                  Alch/Erth      7%         N/A       67%         4
 Sticky Flame             Fire/Alch      7%         2d4       67%         4
 Irradiate                Conj/Alch      4%         3d13      91%         5
 Metabolic Englaciation   Hex/Ice        1%         N/A       99%         5
 Summon Mana Viper        Hex/Summ       2%         N/A       99%         5
 Monstrous Menagerie      Summ           1%         N/A       100%        7
 Ozocubu's Refrigeration  Ice            1%         4d7       100%        7


Dungeon Overview and Level Annotations

Branches:
Dungeon (10/15)            Temple (0/1) D:6            Lair (0/5) D:8
    Orc (2/2) D:9         Ossuary (visited)
    Elf: Orc:2

Altars:
Fedhas
Makhleb
Sif Muna
Uskayaw
Xom
Zin

Annotations:
D:6 Grinder


Innate Abilities, Weirdness & Mutations

You are too large for most types of armour.
You have a pair of small horns on your head.
You have tough skin. (AC +1)
You gain doubled healing and magic from potions.
Whenever you drink a healing potion, you attack all around you.


Message History

The orc warrior unwields a +0 orcbow.
The orc warrior wields a +0 trident.
The orc warrior hits you with a +0 trident!!
* * * LOW HITPOINT WARNING * * *
You hit the orc warrior.
The orc warrior is lightly wounded.
The orc wizard points at you and mumbles some strange words.
The magic dart hits you but does no damage.
Unknown command.
Okay, then.
You take a swig of the potion and twirl your +0 vampiric giant club.
You closely miss the orc knight.
The orc knight is lightly wounded.
You savour every drop.
You feel better.
The troll is no longer sharing its pain.
The orc warrior hits you from afar with a +0 trident!
* * * LOW HITPOINT WARNING * * *
Unknown command.
Unknown command.
You take a swig of the potion and twirl your +0 vampiric giant club.
You bludgeon the orc wizard!!
You kill the orc!
You feel better.
You kill the orc wizard!
You barely miss the orc knight. You headbutt the orc knight.
The orc knight is moderately wounded.
You savour every drop.
You feel better.
The orc knight is no longer sharing its pain.
The orc warrior is no longer sharing its pain.
The orc warrior shouts, "No!
I'll never do that again!"
The orc knight hits you with a +3 great mace!!
* * * LOW HITPOINT WARNING * * *
The orc warrior barely misses you.
You can now merge with and destroy a victim.
Unknown command.
Unknown command.
You bludgeon the orc knight!!
You feel better.
The orc knight is severely wounded.
The orc knight hits you with a +3 great mace!!
You die...
Your body falls in perfect tune with the rhythm.

...............
..................
.....$.......o....
..#..............
#...............
#......<.......
.#...)#........
##.)oo........
##@##.#......
##)#.........#
#).)).......##
##.#.$..##....
###..........
#...........
##..........
##.##.....
.#.......


You could see an orc knight and an orc warrior (strong, pain bonded).

Vanquished Creatures
  A two-headed ogre (D:10)
  An orc high priest (Orc:2)
  A komodo dragon (D:7)
  A polar bear (D:8)
  A tarantella (Orc:1)
  A shadow (D:9)
  22 yaks
  A wyvern (D:8)
  A wraith (D:9)
  An unseen horror simulacrum (D:8)
  Grum (D:9)
  4 steam dragons
  2 vampire mosquitoes
  A warg (Orc:1)
  3 water moccasins
  4 ice beasts
  Duvessa (D:7)
  7 orc warriors
  2 black bears
  2 sky beasts
  2 ogres
  4 wolves
  3 centaurs
  2 phantoms
  3 kobold brigands
  Blork the orc (D:6)
  An elf zombie (Ossuary)
  A gnoll sergeant (D:10)
  7 bullfrogs
  2 scorpions
  10 wights
  Dowan (D:7)
  A hornet simulacrum (D:8)
  3 killer bees
  A howler monkey (D:10)
  An electric eel (D:8)
  A bombardier beetle (D:3)
  A wyvern simulacrum (D:8)
  6 orc priests
  2 gnoll boudas
  3 sleepcaps
  6 iguanas
  8 orc wizards
  A hound zombie (Ossuary)
  4 mummies (Ossuary)
  19 gnolls
  A river rat (D:4)
  4 adders
  A white imp (D:7)
  2 ufetubi (D:6)
  2 adder zombies (Ossuary)
  4 ribbon worms
  7 dart slugs
  23 orcs
  6 ball pythons
  5 bats
  13 endoplasms
  6 giant cockroaches
  2 gnoll zombies (Ossuary)
  4 hobgoblins
  3 jackals (D:3)
  17 kobolds
  6 quokkas
  5 frilled lizards
  6 goblins
  A goblin zombie (Ossuary)
  A hobgoblin zombie (Ossuary)
  A jackal zombie (Ossuary)
  An orc zombie (Ossuary)
  10 rats
  2 rat zombies (Ossuary)
285 creatures vanquished.

Vanquished Creatures (others)
  A scorpion (D:6)
1 creature vanquished.

Grand Total: 286 creatures vanquished

Notes
Turn   | Place    | Note
-------+----------+-------------------------------------------
     0 | D:1      | Leszczynek the Oni Alchemist began the quest for the Orb.
     0 | D:1      | Reached XP level 1. HP: 16/16 MP: 3/3
     0 | D:1      | i'm done with spellcasters
     0 | D:1      | absolutely done
     0 | D:1      | dogshit playstyle
    22 | D:1      | Reached skill level 1 in Fighting
   110 | D:1      | Reached skill level 2 in Fighting
   110 | D:1      | Reached XP level 2. HP: 28/28 MP: 1/5
   113 | D:1      | Learned a level 2 spell: Mercury Vapours
   167 | D:1      | Reached skill level 3 in Fighting
   240 | D:1      | Reached XP level 3. HP: 23/37 MP: 0/6
   458 | D:1      | Reached skill level 4 in Fighting
   884 | D:2      | Reached XP level 4. HP: 45/49 MP: 3/7
   894 | D:2      | Reached skill level 5 in Fighting
  1443 | D:2      | You fall into a shaft and drop 1 floor!
  1487 | D:3      | Reached skill level 6 in Fighting
  1487 | D:3      | Reached XP level 5. HP: 59/59 MP: 2/8
  1692 | D:3      | Reached skill level 1 in Maces & Flails
  1940 | D:3      | Reached skill level 2 in Maces & Flails
  1942 | D:3      | Found a hide-covered altar of Uskayaw.
  1945 | D:3      | Found a glowing silver altar of Zin.
  1950 | D:3      | Became a worshipper of Uskayaw the Reveller
  1967 | D:3      | Reached * piety under Uskayaw
  2045 | D:3      | Found a shimmering altar of Xom.
  2155 | D:3      | Reached XP level 6. HP: 68/68 MP: 9/9
  2308 | D:4      | Got the Directory of the Wendigo
  2313 | D:4      | Noticed a black bear
  2327 | D:4      | Reached ** piety under Uskayaw
  2328 | D:4      | Killed a black bear
  2329 | D:4      | Reached skill level 3 in Maces & Flails
  2384 | D:4      | Reached skill level 4 in Maces & Flails
  2446 | D:4      | Reached XP level 7. HP: 67/76 MP: 6/10
  2483 | D:4      | Identified the +3 ring mail of the Moon {*Slow rPois rF+}
  2535 | D:4      | Found a sand-covered staircase.
  2592 | Ossuary  | Entered an ossuary
  2614 | Ossuary  | Reached *** piety under Uskayaw
  2618 | Ossuary  | Reached skill level 5 in Maces & Flails
  2618 | Ossuary  | Reached skill level 1 in Invocations
  2625 | Ossuary  | Reached **** piety under Uskayaw
  3459 | D:5      | Entered Level 5 of the Dungeon
  3484 | D:5      | Reached skill level 2 in Invocations
  3641 | D:5      | Reached skill level 6 in Maces & Flails
  3675 | D:5      | Reached skill level 3 in Invocations
  3675 | D:5      | Reached XP level 8. HP: 54/84 MP: 11/11
  3699 | D:5      | Identified the +7 long sword "Misowyth" {freeze, rF+ MP+9
                  | Stlth+}
  3702 | D:5      | Identified the staff "Leszczynek's Foe" {rElec rN+ Ice Air}
  3703 | D:5      | lol and lol
  4031 | D:5      | Reached skill level 7 in Maces & Flails
  4031 | D:5      | Reached skill level 4 in Invocations
  4054 | D:6      | Noticed Blork the orc
  4146 | D:6      | Killed Blork the orc
  4196 | D:6      | Noticed Grinder
  4235 | D:6      | Reached skill level 8 in Maces & Flails
  4235 | D:6      | Reached skill level 5 in Invocations
  4397 | D:6      | Reached XP level 9. HP: 65/92 MP: 13/13
  4529 | D:6      | Found a staircase to the Ecumenical Temple.
  4766 | D:7      | Reached skill level 6 in Invocations
  4769 | D:7      | Noticed Duvessa
  4773 | D:7      | Noticed Dowan
  4781 | D:7      | Killed Duvessa
  4782 | D:7      | Reached skill level 9 in Maces & Flails
  4821 | D:7      | Killed Dowan
  5000 | D:7      | Reached ***** piety under Uskayaw
  5348 | D:7      | Reached skill level 7 in Fighting
  5384 | D:7      | Reached skill level 7 in Invocations
  5635 | D:7      | Reached skill level 10 in Maces & Flails
  5775 | D:7      | Found a shimmering blue altar of Sif Muna.
  5837 | D:7      | Reached skill level 2 in Dodging
  6425 | D:7      | Reached XP level 10. HP: 102/102 MP: 15/15
  6599 | D:8      | Reached skill level 3 in Dodging
  6599 | D:8      | Reached skill level 8 in Invocations
  7419 | D:8      | Reached skill level 11 in Maces & Flails
  7475 | D:8      | HP: 15/81 [polar bear (21)]
  7475 | D:8      | HP: 6/81 [polar bear (6)]
  7848 | D:8      | Reached skill level 8 in Fighting
  8192 | D:7      | Reached skill level 9 in Fighting
  8510 | D:7      | Reached skill level 10 in Fighting
  9111 | D:7      | HP: 18/111 [komodo dragon (22)]
  9120 | D:7      | Reached skill level 11 in Fighting
  9464 | D:8      | Found a staircase to the Lair.
  9553 | D:8      | Reached XP level 11. HP: 97/123 MP: 17/17
  9633 | D:8      | Reached skill level 12 in Fighting
  9869 | D:9      | Found a blossoming altar of Fedhas.
  9870 | D:9      | Found a burning altar of Makhleb.
 10584 | D:9      | Found a staircase to the Orcish Mines.
 11182 | D:9      | Noticed Grum
 11199 | D:9      | Killed Grum
 11227 | D:9      | Identified the +2 leather armour "Pigorch" {rElec Int+3
                  | SInv}
 11273 | D:9      | Reached skill level 9 in Invocations
 11347 | D:10     | Entered Level 10 of the Dungeon
 11680 | D:10     | Reached skill level 12 in Maces & Flails
 11686 | D:10     | Reached skill level 1 in Throwing
 11744 | D:10     | Noticed a two-headed ogre
 11756 | D:10     | Killed a two-headed ogre
 11873 | D:10     | >vampiric giant club
 12157 | D:10     | Reached skill level 2 in Throwing
 12281 | Orc:1    | Entered Level 1 of the Orcish Mines
 12381 | Orc:1    | Noticed Snorg
 12382 | Orc:1    | shit
 12397 | Orc:1    | Snorg changed into Snorg the tarantella
 12397 | Orc:1    | Noticed Snorg
 12398 | Orc:1    | i wonder if this is better
 12410 | Orc:1    | Killed Snorg the tarantella
 12465 | Orc:1    | it was
 12480 | Orc:1    | Noticed an ettin
 12481 | Orc:1    | man, my luck is great
 12496 | Orc:2    | Entered Level 2 of the Orcish Mines
 12513 | Orc:2    | Noticed an orc high priest
 12523 | Orc:2    | Noticed an orc knight
 12526 | Orc:2    | Killed an orc high priest
 12527 | Orc:2    | Reached skill level 3 in Throwing
 12528 | Orc:2    | Reached skill level 10 in Invocations
 12532 | Orc:2    | HP: 23/123 [orc warrior/+0 trident[an orc high priest]
                  | (20)]
 12536 | Orc:2    | Slain by an orc knight

Illustrated notes ### #####.### #.......## #..P...P.# #........# #....@...# #........# #..P...P.# #.#.....## .. .##.#.# .. .. ##..# . .. .## ... . Turn 0 on D:1: i'm done with spellcasters ####### #.....# #....@# #.....######. #............ #....).##### #..........# #######.....####.# #...........# ######.#####.....# .......# #.....# Turn 3703 on D:5: lol and lol +.#####.#.#.#.# #.###.#.# #..)..#.# ####.#### #..# ######'## #.......# #.......# +.@.....# #.......# #.......# #.......# ####+#### Turn 11873 on D:10: >vampiric giant club #...........>....## ###..............#. ##..............#.... #..................... ##..................... ##.#.#.................. #.............##.. ##.#........$..... ##.......@....... ##..##...#...o.. #....#....#.T.o. ##.......## .... ###.#.......... #.........o... ##.......... . ........... #...#...... Turn 12382 on Orc:1: shit ######.#.. ##..##..... #....#..... ###..#.#...# ##........... ### #....#....... ##.## ##.#....#.... #...# ##......#... #@# ##.......#.. ##.#####........... #so..#.##.......... #.......#........). ##..o............)) ###..o............ #...........>.... ###..............# ##..............#.. Turn 12398 on Orc:1: i wonder if this is better ##..##..... #....#..... ###..#.#...# ##........... ### #....#....... ##.## ##.#....#.... #...# ##......#... #.# ##.......#.. ##@#####........... #....#.##.......... #.......#........). ##...............)) ###............... #...........>.... ###..............# ##..............#.. #.................. Turn 12465 on Orc:1: it was

##..............#.....
#......................
##.....................
##.#.#..................
#.............##.......
##.#...................
##..................##
##..##...#......#....
#....#....#..@.....#
##.......###........#
###.#...............
#.............>....
##................#
.................^
#...#............#
##.#....C.......##
#.#...


Turn 12481 on Orc:1: man, my luck is great

Levels and vault maps discovered:
D:1:      dpeg_arrival_orchard, layout_basic, nrook_mini_backslash,
          minmay_vboxes
D:2:      layout_loops_corners
D:3:      wander_river, layout_basic, lemuel_round_altar,
          nicolae_overflow_squiral
D:4:      layout_cave_pools, gup_sewer_entry_bubbles,
          nicolae_ossuary_entry_false_entrances
D:5:      layout_rooms, kennysheep_generic_room_9
D:6:      layout_loops_ring, lemuel_temple_firewalk_a, uniq_grinder,
          uniq_blork_the_orc
D:7:      layout_cave_pools, lemuel_blue_sif_altar, uniq_duvessa
D:8:      layout_basic, david_lair_shrubbed, serial_ice, serial_ice_f,
          serial_ice_g, serial_ice_i, serial_ice_h, nicolae_letterblocks
          [nicolae_letter_subblock, nicolae_letter_subblock,
          nicolae_letter_subblock, nicolae_letter_subblock,
          nicolae_letter_subblock, nicolae_letter_subblock,
          nicolae_letter_subblock, nicolae_letter_subblock,
          nicolae_letter_subblock, nicolae_letter_subblock,
          nicolae_letter_subblock, nicolae_letter_subblock,
          nicolae_letter_subblock, nicolae_letter_subblock,
          nicolae_letter_subblock, nicolae_letter_subblock,
          nicolae_letter_subblock, nicolae_letter_subblock,
          nicolae_letter_subblock, nicolae_letter_subblock,
          nicolae_letter_subblock, nicolae_letter_subblock,
          nicolae_letter_subblock, nicolae_letter_subblock,
          nicolae_letter_subblock]
D:9:      layout_gridville, gammafunk_temple_overflow_statue,
          corexii_checkpoint, uniq_grum
D:10:     layout_roguey, kennysheep_generic_room_11
Orc:1:    layout_caves, elf_legates, uniq_josephine, uniq_snorg
Orc:2:    st_orc_open, layout_caves

Skill      XL: |  1  2  3  4  5  6  7  8  9 10 11 |
---------------+----------------------------------+-----
Fighting       | 2 3 4 6 7 11 12 | 12.2
Maces & Flails | 2 4 6 8 10 11 12 | 12.8
Invocations    | 3 5 7 8 10 | 10.0
Dodging        | 2 3 |  3.5
Throwing       | 3 |  3.1
Stealth        | |  1.4
Spellcasting   | |  2.4
Conjurations   | |  0.8
Alchemy        | |  2.6

Action                     |  1- 3 |  4- 6 |  7- 9 | 10-12 || total
---------------------------+-------+-------+-------+-------++-------
  Melee: Short sword       |    79 |    16 |       |       ||    95
         Headbutt          |    10 |    34 |    70 |    92 ||   206
         Unarmed           |     1 |       |       |       ||     1
         Spear             |       |   141 |       |       ||   141
         Flail             |       |    26 |   156 |       ||   182
         Long sword        |       |       |   184 |   227 ||   411
         Mace              |       |       |       |    33 ||    33
         Giant club        |       |       |       |    84 ||    84
         Dire flail        |       |       |       |    48 ||    48
  Throw: Dart              |       |       |       |     1 ||     1
   Cast: Sting             |    26 |    16 |     2 |       ||    44
         Mercury Vapours   |     4 |    13 |     3 |       ||    20
  Evoke: Wand              |       |       |     4 |     9 ||    13
    Use: Scroll            |       |     4 |     9 |     4 ||    17
         Potion            |       |       |     3 |     7 ||    10
   Stab: Sleeping          |     1 |     8 |     4 |     5 ||    18
         Distracted        |       |     1 |       |     2 ||     3
         Paralysed         |       |       |    11 |    19 ||    30
         Invisible         |       |       |       |     1 ||     1
 Armour: Robe              |    46 |   121 |   393 |    27 ||   587
         Steam dragon scal |       |       |       |   353 ||   353
         Skin              |       |       |       |    21 ||    21
  Dodge: Dodged            |    35 |    83 |   231 |   207 ||   556

Table legend: (Time is in decaauts)
 A = Elapsed time spent in this place.
 B = Non-inter-level travel time spent in this place.
 C = Inter-level travel time spent in this place.
 D = Time resting spent in this place.
 E = Time spent auto-exploring this place.
 F = Levels seen in this place.
 G = Mean time per level.
                   A        B        C        D        E       F      G
               +--------+--------+--------+--------+--------+-----+--------+
         Total |  12763 |  11391 |   1372 |   5125 |     95 |  13 |  981.8 |
       Dungeon |  11930 |  10559 |   1371 |   4736 |     95 |  10 | 1193.0 |
  Orcish Mines |    253 |    253 |      0 |     48 |      0 |   2 |  126.5 |
       Ossuary |    579 |    579 |      0 |    341 |      0 |   1 |  579.0 |
               +--------+--------+--------+--------+--------+-----+--------+

Top non-repeatable levels by time:
     D:7: 2720 daAuts
     D:8: 2425 daAuts
     D:9: 1766 daAuts
     D:2: 860 daAuts
     D:1: 740 daAuts
     D:6: 734 daAuts
     D:5: 704 daAuts
     D:3: 698 daAuts
    D:10: 665 daAuts
     D:4: 614 daAuts
 Ossuary: 579 daAuts
   Orc:1: 214 daAuts
   Orc:2: 39 daAuts
